 Dungeon Crawl Stone Soup version 0.30-a0-808-g6e0788376e (webtiles) character file.

Game seed: 1802413322440817629

7 cforsyth the Sneak (level 2, 0/18 HPs)
             Began as a Kobold Brigand on Feb 25, 2023.
             Frozen to death by an endoplasm (4 damage)
             ... on level 1 of the Dungeon.
             The game lasted 00:00:11 (95 turns).

cforsyth the Sneak (Kobold Brigand)                   Turns: 95, Time: 00:00:12

Health: 0/18       AC:  3    Str:  8    XL:     2   Next: 5%
Magic:  2/2        EV: 14    Int: 12    God:
Gold:   0          SH:  0    Dex: 16    Spells: 1/1 levels left

rFire   . . .      SeeInvis .    a - +2 dagger
rCold   . . .      Faith    .    (no shield)
rNeg    . . .      Spirit   .    b - +0 robe
rPois   .          Reflect  .    (no helmet)
rElec   .          Harm     .    c - +0 cloak
rCorr   .          Rampage  .    (no gloves)
Will    .....                    (no boots)
Stlth   ++++                     (no amulet)
HPRegen 0.23/turn                (no ring)
MPRegen 0.08/turn                (no ring)

@: no status effects
A: small, no large weapons, nightstalker 3
a: no special abilities


You were on level 1 of the Dungeon.
You visited 1 branch of the dungeon, and saw 1 of its levels.

Inventory:

Hand Weapons
 a - a +2 dagger (weapon)
Missiles
 d - 9 poisoned darts (quivered)
 e - 3 curare-tipped darts
Armour
 b - a +0 robe (worn)
 c - a +0 cloak (worn)


   Skills:
 + Level 2.3 Fighting
 + Level 2.9 Short Blades
 - Level 2.1 Throwing
 + Level 1.5 Dodging
 + Level 5.4 Stealth


You had one spell level left.
You didn't know any spells.
Your spell library was empty.

Dungeon Overview and Level Annotations

Branches:
Dungeon (1/15)

Altars:


Innate Abilities, Weirdness & Mutations

You are small and have problems with some larger weapons.
You are completely attuned to the shadows.


Message History

You hit the jackal.
The jackal is moderately wounded.
The jackal closely misses you. The kobold closely misses you.
The ball python misses you. The ball python grabs you.
The ball python constricts you.
You hit the ball python.
You kill the ball python!
The jackal bites you. The kobold hits you with a +0 whip.
You hit the jackal but do no damage.
The jackal is moderately wounded.
The jackal bites you. The kobold hits you with a +0 whip.
You hit the jackal.
The jackal is severely wounded.
The jackal misses you.
You hit the jackal.
You kill the jackal!
The kobold hits you with a +0 whip.
You have reached level 2!
You hit the kobold.
You kill the kobold!
Found 13 gold pieces.
Things that are here:
a +0 whip; a kobold corpse An endoplasm is nearby!
An endoplasm is nearby!
An endoplasm is nearby!
An endoplasm is nearby!
An endoplasm is nearby!
You are too injured to fight recklessly!
You are too injured to fight recklessly!
You are too injured to fight recklessly!
You are too injured to fight recklessly!
You are too injured to fight recklessly!
You are too injured to fight recklessly!
The endoplasm freezes you.
You are frozen.
* * * LOW HITPOINT WARNING * * *
The endoplasm freezes you.
You are frozen.
You die...

........#
.........#
..........#
#..........# #.
#.....J@...#
#.##..........#
#.##.†.........
####.##..)...$...#
..............##.#
####)#######.##
......... .#
##...#### #
##...#####


You could see an endoplasm.

Vanquished Creatures
  2 goblins (D:1)
  2 jackals (D:1)
  A ball python (D:1)
  A kobold (D:1)
6 creatures vanquished.

Notes
Turn   | Place    | Note
-------+----------+-------------------------------------------
     0 | D:1      | cforsyth the Kobold Brigand began the quest for the Orb.
     0 | D:1      | Reached XP level 1. HP: 12/12 MP: 1/1
    89 | D:1      | Reached XP level 2. HP: 8/18 MP: 2/2
    95 | D:1      | Frozen to death by an endoplasm

Illustrated notes

Levels and vault maps discovered:
D:1:      amcnicky_arrival_choice, layout_basic, chequers_garden,
          chequers_decorated_corner, minivault_19, grunt_decor_one_mirror

Action                     || total
---------------------------++-------
  Melee: Dagger            ||    18
   Stab: Sleeping          ||     1
 Armour: Robe              ||     3
  Dodge: Dodged            ||    18

Table legend: (Time is in decaauts)
 A = Elapsed time spent in this place.
 B = Non-inter-level travel time spent in this place.
 C = Inter-level travel time spent in this place.
 D = Time resting spent in this place.
 E = Time spent auto-exploring this place.
 F = Levels seen in this place.
 G = Mean time per level.
                   A        B        C        D        E       F      G
               +--------+--------+--------+--------+--------+-----+--------+
         Total |     92 |     92 |      0 |      0 |     62 |   1 |   92.0 |
       Dungeon |     92 |     92 |      0 |      0 |     62 |   1 |   92.0 |
               +--------+--------+--------+--------+--------+-----+--------+

Top non-repeatable levels by time:
     D:1: 92 daAuts
